 Dungeon Crawl Stone Soup version 0.31-a0-1616-gbeaec30 (webtiles) character file.

Game seed: 16828442782277215999

230 Dorkslayer the Ducker (level 6, 0/42 HPs)
             Began as an Octopode Fighter on Jan 10, 2024.
             Slain by Pikel
             ... wielding a +0 whip of flaming
              (9 damage)
             ... on level 3 of the Dungeon.
             The game lasted 00:04:33 (2491 turns).

Dorkslayer the Ducker (Octopode Fighter)            Turns: 2491, Time: 00:04:33

Health: 0/42       AC:  1    Str: 15    XL:     6   Next: 3%
Magic:  6/6        EV: 14    Int: 10    God:
Gold:   91         SH:  5    Dex: 14    Spells: 5/5 levels left

rFire   + . .        a - +1 long sword
rCold   + . .        b - +0 buckler
rNeg    . . .        (helmet restricted)
rPois   +            i - amulet of the acrobat
rElec   +            (no ring)
rCorr   +            (no ring)
SInv    .            (no ring)
Will    .....        (no ring)
Stlth   +++          (no ring)
HPRegen 0.27/turn    (no ring)
MPRegen 0.10/turn    (no ring)
                     (no ring)

%: acrobat
@: mighty, resistant
A: almost no armour, amphibious, 8 rings, camouflage 1, gelatinous body 1,
(nimble swimmer 1), tentacles
a: no special abilities


You were on level 3 of the Dungeon.
You visited 1 branch of the dungeon, and saw 4 of its levels.

You collected 91 gold pieces.

Inventory:

Hand Weapons
 a - a +1 long sword (weapon)
Missiles
 g - 2 atropa-tipped darts (quivered)
Armour
 b - a +0 buckler (worn)
Jewellery
 i - an amulet of the acrobat (around mantle)
Scrolls
 h - 2 scrolls of teleportation
Potions
 d - a potion of degeneration {unknown}
 e - a potion of cancellation {unknown}
 f - a potion of brilliance {unknown}
 k - a potion of resistance
 l - a potion of enlightenment {unknown}


   Skills:
 + Level 3.3 Fighting
 + Level 3.7 Long Blades
 * Level 4.3 Dodging
 + Level 3.3 Stealth
 + Level 3.5 Shields


You had 5 spell levels left.
You didn't know any spells.
Your spell library contained the following spells:

 Spells                   Type           Power      Damage    Failure   Level
 Tukima's Dance           Hex            0%         N/A       83%         3
 Passage of Golubria      Tloc           0%         N/A       99%         4
 Yara's Violent Unravell  Hex/Alch       0%         3d3       100%        5


Dungeon Overview and Level Annotations

Branches:
Dungeon (4/15)
 Temple: D:4-7

Altars:

Annotations:
D:3 Pikel


Innate Abilities, Weirdness & Mutations

You cannot wear most types of armour.
You are amphibious.
You can wear up to eight rings at the same time.
Your skin changes colour to match your surroundings (Stealth+).
Your rubbery body absorbs attacks. (AC +1, EV +1)
((You are camouflaged when in or above water. (Stealth+)))
You have tentacles for arms and can constrict up to eight enemies at once.


Message History

Pikel hits you with a +0 whip of flaming!
Pikel burns you.
You climb upwards.
There is a stone staircase leading down, spattered with blood here.
You block the lemure's attack. The gnoll hits you with a +0 club.
* * * LOW HITPOINT WARNING * * *
Pikel misses you. The gnoll attacks as it pursues you! The gnoll misses you.
The lemure attacks as it pursues you! The lemure completely misses you.
The lemure attacks as it pursues you! The lemure barely misses you.
The gnoll hits you with a +0 club.
* * * LOW HITPOINT WARNING * * *
There is an open door here.
Pikel completely misses you.
You feel better.
Pikel hits you with a +0 whip of flaming.
Pikel burns you.
* * * LOW HITPOINT WARNING * * *
It was a potion of resistance.
You feel protected. You block Pikel's attack.
You feel better.
Pikel hits you with a +0 whip of flaming.
You closely miss Pikel. Your grab misses Pikel.
Pikel hits you with a +0 whip of flaming.
Pikel burns you.
* * * LOW HITPOINT WARNING * * *
You slash Pikel! You grab Pikel. You squeeze Pikel.
Pikel is moderately wounded.
You constrict Pikel. Pikel completely misses you.
You hit Pikel.
Pikel is heavily wounded.
You constrict Pikel, but do no damage. Pikel misses you.
Pikel hits you with a +0 whip of flaming!
* * * LOW HITPOINT WARNING * * *
Pikel burns you.
* * * LOW HITPOINT WARNING * * *
You feel better.
You constrict Pikel.
Pikel hits you with a +0 whip of flaming!
You die...
Pikel says, "Another soul for the market."

#...#.#.......# #.#
#...#.#.......# #.#
###...#.#.......# #.#
#.....†.##'#....# ######.#
##....####.#....# #...##.# #.####
#.###.## #...##.# #.# #.# #.#
##...##.# #.# #.# #.####.......#
#.# #@# #.#..........# #.# #K#
#.#..........#
########.#######5###.#...........
...<...#........gg...#....#####.#
..?....########).....#....# #<#
................>....#....# #.#
#####'#....###.......#.#### #.#
#........#........#.# #.#
#........###.....##.########.#


You could see Pikel, a lemure and 2 gnolls.

Vanquished Creatures
  A lemure (D:3)
  3 orc priests (D:3)
  Terence (D:2)
  A gnoll (D:3)
  2 adders
  3 ribbon worms
  3 dart slugs
  3 orcs (D:3)
  9 ball pythons
  10 endoplasms
  2 giant cockroaches (D:1)
  A goblin (D:3)
  8 hobgoblins
  6 jackals (D:1)
  4 quokkas (D:2)
  5 bats
  5 frilled lizards
  5 kobolds
  5 rats
77 creatures vanquished.

Notes
Turn   | Place    | Note
-------+----------+-------------------------------------------
     0 | D:1      | Dorkslayer the Octopode Fighter began the quest for the
                  | Orb.
     0 | D:1      | Reached XP level 1. HP: 16/16 MP: 1/1
    83 | D:1      | Reached XP level 2. HP: 17/21 MP: 2/2
   444 | D:1      | Reached XP level 3. HP: 18/26 MP: 3/3
   787 | D:2      | Reached skill level 1 in Stealth
   979 | D:2      | Reached XP level 4. HP: 24/31 MP: 4/4
  1128 | D:2      | Found a faded altar of an unknown god.
  1385 | D:2      | Noticed Terence
  1388 | D:2      | Killed Terence
  1836 | D:3      | Reached XP level 5. HP: 32/36 MP: 5/5
  2032 | D:3      | Reached skill level 4 in Dodging
  2390 | D:4      | Noticed Pikel
  2390 | D:4      | Noticed a lemure
  2390 | D:4      | Noticed a lemure
  2390 | D:4      | Noticed a lemure
  2391 | D:4      | Noticed a lemure
  2396 | D:3      | Reached XP level 6. HP: 31/42 MP: 6/6
  2490 | D:3      | HP: 2/42 [Pikel/+0 whip of flaming (2)]
  2491 | D:3      | Slain by Pikel

Illustrated notes

Levels and vault maps discovered:
D:1:      minmay_arrival_open_corners, layout_loops_ring, chequers_garden,
          minmay_pentomino_q2
D:2:      layout_loops_ring, shapermc_ecumenical_altar_mp_urbaneastern,
          uniq_terence
D:3:      layout_basic
D:4:      layout_rooms, jmf_multi_god_temple, mainiacjoe_overflow_24_doors,
          serial_bayou, serial_bayou_pond_b, serial_bayou_pond_b,
          serial_bayou_pond_e, serial_bayou_crossing, serial_bayou_pond_e,
          minmay_misc_feat_secret_circle, uniq_pikel

Skill      XL: |  1  2  3  4  5 |
---------------+----------------+-----
Stealth        | 1 2 3 |  3.3
Long Blades    | 3 |  3.7
Dodging        | 4 |  4.3
Fighting       | |  3.3
Shields        | |  3.5

Action                     |  1- 3 |  4- 6 || total
---------------------------+-------+-------++-------
  Melee: Long sword        |    69 |    90 ||   159
         Tentacles         |    15 |    18 ||    33
         Constrict         |    14 |    23 ||    37
    Use: Scroll            |       |     5 ||     5
         Potion            |       |     5 ||     5
   Stab: Distracted        |     1 |       ||     1
         Sleeping          |     6 |     5 ||    11
 Armour: Skin              |    25 |    35 ||    60
  Dodge: Dodged            |    52 |    74 ||   126
  Block: Buckler           |    16 |    19 ||    35

Table legend: (Time is in decaauts)
 A = Elapsed time spent in this place.
 B = Non-inter-level travel time spent in this place.
 C = Inter-level travel time spent in this place.
 D = Time resting spent in this place.
 E = Time spent auto-exploring this place.
 F = Levels seen in this place.
 G = Mean time per level.
                   A        B        C        D        E       F      G
               +--------+--------+--------+--------+--------+-----+--------+
         Total |   2541 |   2541 |      0 |    123 |   1595 |   4 |  635.2 |
       Dungeon |   2541 |   2541 |      0 |    123 |   1595 |   4 |  635.2 |
               +--------+--------+--------+--------+--------+-----+--------+

Top non-repeatable levels by time:
     D:3: 1025 daAuts
     D:1: 763 daAuts
     D:2: 746 daAuts
     D:4: 5 daAuts
